[Event "ICC Open 2015"]
[Site "Internet Chess Club"]
[Date "2015.05.30"]
[Round "11"]
[White "MarzipanCat"]
[Black "harolika"]
[Result "1-0"]
[ICCResult "Black forfeits on time"]
[WhiteElo "2225"]
[BlackElo "1967"]
[Opening "Sicilian: Labourdonnais-Löwenthal (Kalashnikov) variation"]
[ECO "B32"]
[NIC "SI.32"]
[Time "20:46:43"]
[TimeControl "180+0"]

1. e4 c5 2. Nf3 Nc6 3. d4 cxd4 4. Nxd4 e5 5. Nb5 d6 6. N1c3 a6 7. Na3 b5 8.
Nd5 Nge7 9. c4 Nd4 10. cxb5 Nxd5 11. exd5 Qh4 12. Be3 Be7 13. Nc2 Bg4 14.
Qd2 Nxb5 15. a4 Nc7 16. Nb4 O-O 17. Nc6 Bf6 18. Rc1 Bd7 19. b4 Rac8 20. Rc4
Qh5 21. Be2 Qg6 22. Bf3 Rfe8 23. O-O e4 24. Be2 Bh3 25. g3 Bxf1 26. Bxf1 h5
27. Bg2 h4 28. Bb6 Na8 29. Be3 hxg3 30. hxg3 Be5 31. Qc2 Rc7 32. Bxe4 Qh5
33. Bg2 Nb6 34. Bxb6 Rd7 35. Be3 Bxg3 36. Nd4 g6 37. fxg3 Rxe3 38. Kf2 Re5
39. Rc8+ Kg7 40. Qc3 Kh7 41. Nf3 Rde7 42. Nxe5 Rxe5 43. Qf3 Rf5 44. Rc3
Rxf3+ 45. Rxf3 Qxd5 46. Re3 Qd4 47. Kf3 f5 48. Re7+ Kh6 49. Re1 Kg5 50. Rh1
Qg4+ 51. Kf2 Qd4+ 52. Ke2 Qxb4 53. Rf1 Qc4+ 54. Ke1 Qxa4 55. Rf2 Qb4+ 56.
Rd2 Kf6 57. Ke2 Qb1 58. Rxd6+ Ke5 59. Rd2 Kf6 60. Rd6+ Kg7 61. Rxa6 Qb4 62.
Ra7+ Kh6 63. Ra8 Qb3 64. Kd2 Kg5 65. Rc8 {Black forfeits on time} 1-0

[Event "ICC Open 2015"]
[Site "Internet Chess Club"]
[Date "2015.05.30"]
[Round "11"]
[White "HPG1947"]
[Black "Blondicheck"]
[Result "0-1"]
[ICCResult "White forfeits on time"]
[WhiteElo "1724"]
[BlackElo "1639"]
[Opening "Scotch: Göring gambit, Bardeleben variation"]
[ECO "C21"]
[NIC "KP.04"]
[Time "20:47:33"]
[TimeControl "180+0"]

1. e4 e5 2. d4 exd4 3. c3 dxc3 4. Nxc3 Bb4 5. Bc4 Nc6 6. Nf3 Nf6 7. O-O O-O
8. Bg5 Be7 9. e5 Ne8 10. Bf4 d6 11. Re1 Bg4 12. h3 Bh5 13. exd6 Bxd6 14. Bg3
Bxg3 15. fxg3 Qxd1 16. Raxd1 Nd6 17. Bd5 Nb4 18. Bb3 a5 19. a3 Nc6 20. Bd5
Rae8 21. g4 Rxe1+ 22. Rxe1 Bg6 23. Bxc6 bxc6 24. Ne5 Re8 25. Kf1 c5 26. Nd7
Rxe1+ 27. Kxe1 Ne4 28. Nd5 c6 29. Ne7+ Kh8 30. Nxc6 c4 31. Nce5 c3 32. bxc3
Nxc3 33. Nxg6+ fxg6 {White forfeits on time} 0-1

[Event "ICC Open 2015"]
[Site "Internet Chess Club"]
[Date "2015.05.30"]
[Round "11"]
[White "Spirals"]
[Black "Garpun"]
[Result "0-1"]
[ICCResult "White forfeits on time"]
[WhiteElo "2221"]
[BlackElo "2752"]
[Opening "Scandinavian: Pytel-Wade variation"]
[ECO "B01"]
[NIC "SD.02"]
[Time "20:46:32"]
[TimeControl "180+0"]

1. e4 d5 2. exd5 Qxd5 3. Nc3 Qd6 4. d4 Nf6 5. Be3 c6 6. Qd2 Bg4 7. h3 Bh5 8.
Bf4 Qd8 9. g4 Bg6 10. Bg2 e6 11. Nge2 Nbd7 12. O-O Be7 13. a3 a5 14. Rfd1
O-O 15. Ng3 Nb6 16. Qe2 Nfd5 17. Nxd5 cxd5 18. Qb5 Bxc2 19. Rdc1 Ba4 20. Qd3
Bc6 21. b3 a4 22. b4 Nc4 23. Rab1 b5 24. Nf1 Bg5 25. Qf3 Rc8 26. Bxg5 Qxg5
27. Rd1 h6 28. Qg3 Qe7 29. h4 Nd6 30. Ne3 Ne4 31. Bxe4 dxe4 32. Rbc1 Bd5 33.
Rc5 Rxc5 34. dxc5 Rd8 35. Qe5 Qxh4 36. Qg3 Qg5 37. Qc7 h5 38. c6 hxg4 39.
Qg3 Bxc6 40. Rxd8+ Qxd8 41. Qxg4 f5 42. Qf4 Qf6 43. Qc7 Be8 44. Qb8 Qg6+ 45.
Kf1 Kh7 46. Ke2 Qh5+ 47. Kd2 Bg6 48. Qf4 Qh3 49. Qg5 Qf3 50. Qg1 Bh5 51. Qe1
f4 52. Kc3 fxe3 53. Qxe3 Qxe3+ 54. fxe3 Kg6 55. Kd4 Kf5 56. Kc5 Be2 57. Kd6
Bc4 58. Ke7 g5 59. Kf7 g4 60. Ke7 g3 61. Kd6 g2 62. Kc5 g1=Q 63. Kd4 Qd1+
64. Kc5 Qd5+ 65. Kb6 Qd6+ 66. Ka5 Qc7+ {White forfeits on time} 0-1

[Event "ICC Open 2015"]
[Site "Internet Chess Club"]
[Date "2015.05.30"]
[Round "11"]
[White "Muad-dib"]
[Black "nadalthegreat"]
[Result "1-0"]
[ICCResult "Black forfeits on time"]
[WhiteElo "1987"]
[BlackElo "1858"]
[Opening "Ruy Lopez: Cozio defense"]
[ECO "C60"]
[NIC "RL.04"]
[Time "20:47:33"]
[TimeControl "180+0"]

1. e4 e5 2. Nf3 Nc6 3. Bb5 Nge7 4. O-O g6 5. c3 Bg7 6. d3 O-O 7. Bg5 h6 8.
Be3 d6 9. h3 Be6 10. Nbd2 a6 11. Ba4 f5 12. exf5 gxf5 13. Nb1 Qe8 14. d4 e4
15. Nh2 f4 16. Bc1 Qg6 17. Kh1 Bd5 18. Bb3 Bxb3 19. axb3 Nd5 20. Qg4 Qxg4
21. hxg4 Rae8 22. Na3 e3 23. fxe3 fxe3 24. Re1 e2 25. Nf3 Re4 26. g5 Rfe8
27. Kg1 h5 28. Kf2 Ndb4 29. cxb4 Nxb4 30. Bd2 Nd3+ 31. Kg1 Nxe1 32. Rxe1
Bxd4+ 33. Nxd4 Rxd4 34. Bc3 Rd1 35. Kf2 Rxe1 36. Bxe1 b5 37. Bd2 c5 38. Nc2
Kf7 39. Ne3 d5 40. Nxd5 Rd8 41. g6+ Kxg6 42. Nf4+ Kf5 43. Kxe2 Ke4 44. Nxh5
Rh8 45. g4 Rg8 46. g5 Rf8 47. g6 Rg8 48. g7 Kf5 49. Bc3 Kg6 50. Nf6 Rxg7 51.
Nd5 Re7+ 52. Nxe7+ Kf7 53. Nd5 Ke6 54. Nc7+ Kd7 55. Nxa6 Kc6 56. Nxc5 b4 57.
Bxb4 Kb5 58. Ba3 Kc6 59. Kd3 Kb5 60. Kd4 Kc6 61. Kc4 Kc7 62. b4 Kb8 63. b5
Kc7 64. Ne6+ Kb8 65. Kc5 Ka7 66. Kc6 Ka8 67. b6 Kb8 68. Bd6+ Ka8 69. b7+
{Black forfeits on time}
1-0

[Event "ICC Open 2015"]
[Site "Internet Chess Club"]
[Date "2015.05.30"]
[Round "11"]
[White "Skyrmion"]
[Black "fredx"]
[Result "1-0"]
[ICCResult "Black forfeits on time"]
[WhiteElo "1652"]
[BlackElo "1175"]
[Opening "Sicilian: closed"]
[ECO "B23"]
[NIC "SI.44"]
[Time "20:47:48"]
[TimeControl "180+0"]

1. e4 c5 2. Nc3 d6 3. f4 g6 4. Nf3 Nf6 5. Bb5+ Bd7 6. Bc4 a6 7. d3 b5 8. Bb3
c4 9. dxc4 bxc4 10. Bxc4 Bb5 11. Nxb5 axb5 12. Bxb5+ Nbd7 13. Bd3 Qb6 14.
Qe2 Bg7 15. Qe3 Qb4+ 16. c3 Qa4 17. h3 O-O 18. O-O Nh5 19. Bd2 Ng3 20. Rfe1
Nc5 21. b3 Qd7 22. Bc2 f5 23. e5 dxe5 24. Qxc5 e4 25. Nd4 e5 26. Qc4+ Kh8
27. Ne6 Rfe8 28. Nxg7 Qxg7 29. fxe5 Qxe5 30. Be3 Red8 31. Rad1 h6 32. Rxd8+
Rxd8 33. Bd4 Rxd4 34. Qxd4 {Black forfeits on time} 1-0

[Event "ICC Open 2015"]
[Site "Internet Chess Club"]
[Date "2015.05.30"]
[Round "11"]
[White "fviana"]
[Black "paulleon"]
[Result "0-1"]
[ICCResult "White forfeits on time"]
[WhiteElo "2331"]
[BlackElo "2125"]
[Opening "Van't Kruijs opening"]
[ECO "A00"]
[Time "20:46:30"]
[TimeControl "180+0"]

1. e3 d5 2. d4 Nf6 3. c4 e6 4. Nc3 Be7 5. Nf3 b6 6. Bd3 O-O 7. O-O Bb7 8. b3
dxc4 9. bxc4 c5 10. Bb2 Nc6 11. Re1 cxd4 12. exd4 Rc8 13. Rc1 Na5 14. Ne5
Nc6 15. Nxc6 Bxc6 16. Qe2 Qd7 17. Rcd1 Bb4 18. Qe3 Rfd8 19. Qg3 g6 20. Qe5
Qxd4 21. Qxd4 Rxd4 22. Bf1 Rcd8 23. Rxd4 Rxd4 24. Rb1 Rd2 25. a3 Rxb2 26.
axb4 Rxb1 27. Nxb1 a5 28. bxa5 bxa5 29. Nc3 Ne4 30. Na2 Kf8 31. f3 Nd2 32.
Bd3 Ke7 33. Kf2 Kd6 34. Ke3 Nb3 35. Nc3 Kc5 36. Be2 a4 37. Kd3 Nc1+ 38. Kd2
Nxe2 39. Kxe2 Kxc4 40. Kd2 Kb3 41. Kd3 a3 42. Kd4 a2 43. Nxa2 Kxa2 44. Ke5
Bd5 45. Kf6 g5 46. Kxf7 g4 47. fxg4 e5+ 48. Kf6 e4 49. g5 e3 50. Kg7 e2 51.
Kxh7 e1=Q 52. g6 Qh4+ 53. Kg7 Bxg2 54. Kf7 Be4 55. g7 Qf4+ 56. Kg8 Bd5+ 57.
Kh7 Qh4+ 58. Kg6 Qxh2 {White forfeits on time} 0-1

[Event "ICC Open 2015"]
[Site "Internet Chess Club"]
[Date "2015.05.30"]
[Round "11"]
[White "jojowang"]
[Black "cap78red"]
[Result "0-1"]
[ICCResult "White resigns"]
[WhiteElo "1341"]
[BlackElo "1452"]
[Opening "Alekhine's defense: exchange variation"]
[ECO "B02"]
[NIC "AL.08"]
[Time "20:50:18"]
[TimeControl "180+0"]

1. e4 Nf6 2. e5 Nd5 3. c4 Nb6 4. d4 d6 5. exd6 exd6 6. g4 Be7 7. Bg2 Nc6 8.
b3 O-O 9. h3 Bg5 10. Nc3 Bxc1 11. Rxc1 Re8+ 12. Nge2 Qe7 13. O-O Nb4 14. Re1
Be6 15. d5 Bd7 16. Nd4 Qf6 17. Ne4 Qg6 18. a3 f5 19. gxf5 Bxf5 20. Ng3 Rxe1+
21. Qxe1 Nd3 22. Ngxf5 Nxe1 23. Ne7+ Kf7 24. Nxg6 Nd3 25. Nh4 Nxc1
{White resigns}
0-1

[Event "ICC Open 2015"]
[Site "Internet Chess Club"]
[Date "2015.05.30"]
[Round "2"]
[White "HardAsfalt"]
[Black "ToivoK"]
[Result "0-1"]
[ICCResult "White checkmated"]
[WhiteElo "1649"]
[BlackElo "2224"]
[Opening "French: advance, Euwe variation"]
[ECO "C00"]
[NIC "FR.01"]
[Time "14:16:20"]
[TimeControl "180+0"]

1. e4 e6 2. Nf3 d5 3. e5 c5 4. c3 Nc6 5. d4 Bd7 6. Bg5 Be7 7. Bf4 Qb6 8. b3
cxd4 9. cxd4 Bb4+ 10. Bd2 Nxd4 11. Bxb4 Qxb4+ 12. Nbd2 Nxf3+ 13. Qxf3 Qd4
14. Rc1 Qxe5+ 15. Be2 Qf6 16. Qg3 Qg6 17. Qd6 Ne7 18. Rc7 Rd8 19. Bb5 Nc6
20. O-O Qf6 21. Nf3 Qe7 22. Qg3 O-O 23. Rxb7 Nb4 24. Rxa7 Qe8 25. Bxd7 Rxd7
26. Rxd7 Qxd7 27. Ne5 Qa7 28. a4 Rb8 29. Qh4 f6 30. Ng4 Nd3 31. h3 Nc5 32.
Qg3 Rxb3 33. Nxf6+ Kf7 34. Nh5 Rxg3 35. fxg3+ Ke7 36. Nxg7 Ne4+ 37. Kh2 Nf6
38. Nh5 Nxh5 39. Re1 Nf6 40. h4 Qxa4 41. Rc1 Qd7 42. Kh3 Ne4 43. g4 e5 44.
h5 Nf6 45. g3 Qxg4+ 46. Kh2 Nxh5 47. Kh1 Qe4+ 48. Kh2 Nf6 49. Kh3 Ng4 50.
Kh4 Nf2+ 51. Kh5 Qf5+ 52. Kh4 Qg4# {White checkmated} 0-1